 Dungeon Crawl Stone Soup version 0.30.1 (webtiles) character file.

Game seed: 8422611676808466174

326 Sabo the Chopper (level 6, -1/57 HPs)
             Began as a Naga Monk on July 6, 2023.
             Was a Believer of Qazlal.
             Slain by Duvessa
             ... wielding a +0 short sword
              (14 damage)
             ... on level 4 of the Dungeon.
             The game lasted 00:18:18 (3855 turns).

Sabo the Chopper (Naga Monk)                        Turns: 3855, Time: 00:18:19

Health: -1/57      AC: 11    Str: 15    XL:     6   Next: 49%
Magic:  6/6        EV:  5    Int: 11    God:    Qazlal [**....]
Gold:   157        SH:  2    Dex: 13    Spells: 5/5 levels left

rFire   . . .        l - +3 sling (freeze)
rCold   . . .        d - orb {light}
rNeg    . . .        o - +0 chain mail
rPois   +            (no helmet)
rElec   .            s - +1 cloak
rCorr   .            e - +2 pair of gloves
SInv    +            (no barding)
Will    .....        (no amulet) Stlth
                     (no ring)
HPRegen 0.29/turn    (no ring)
MPRegen 0.10/turn

%: no passive effects
@: glowing, very slow
A: AC +2, large, see invisible, deformed body, poison resistance, slowness 2,
spit poison 1, naga tail 1
a: Spit Poison, Renounce Religion, Upheaval


You were on level 4 of the Dungeon.
You worshipped Qazlal.
Qazlal was pleased with you.
You visited 1 branch of the dungeon, and saw 4 of its levels.

You collected 157 gold pieces.

Inventory:

Hand Weapons
 a - a +0 hand axe
 l - a +3 sling of freezing (weapon)
Missiles
 h - 6 poisoned darts
 j - 2 curare-tipped darts
 r - a throwing net
Armour
 d - an orb of light (worn)
 e - a +2 pair of gloves (worn)
 o - a +0 chain mail (worn)
 s - a +1 cloak (worn)
Wands
 i - a wand of light (9)
Scrolls
 g - a scroll of fear
 k - 2 scrolls of enchant weapon
 n - a scroll of poison
 p - 2 scrolls of teleportation
 q - a scroll of fog
Potions
 b - a potion of lignification
 c - 2 potions of ambrosia
 f - a potion of berserk rage {unknown}
 m - a potion of cancellation {unknown}


   Skills:
 + Level 3.7 Fighting
 + Level 3.8 Axes
 + Level 3.6 Ranged Weapons
 + Level 1.8 Armour
 + Level 3.0 Dodging
 + Level 0.6 Stealth


You had 5 spell levels left.
You didn't know any spells.
Your spell library contained the following spells:

 Spells                   Type           Power      Damage    Failure   Level
 Beastly Appendage        Tmut           0%         N/A       99%         1
 Blink                    Tloc           0%         N/A       100%        2
 Cigotuvi's Dreadful Rot  Necr/Pois/Air  0%         N/A       100%        2
 Wereblood                Tmut           0%         N/A       100%        2
 Ignite Poison            Fire/Tmut/Pois 0%         N/A       100%        3
 Spider Form              Tmut/Pois      0%         N/A       100%        3
 Manifold Assault         Tloc           0%         N/A       100%        4
 Freezing Cloud           Conj/Ice/Air   0%         6-21      100%        5
 Storm Form               Tmut/Air       0%         N/A       100%        7


Dungeon Overview and Level Annotations

Branches:
Dungeon (4/15)
 Temple: D:4-7

Altars:
Cheibriados
Qazlal
Zin

Annotations:
D:4 Duvessa


Innate Abilities, Weirdness & Mutations

Your serpentine skin is tough. (AC +2)
You have supernaturally acute eyesight. (SInv)
Armour fits poorly on your strangely shaped body.
Your system is resistant to poisons. (rPois)
You cover ground very slowly.
You can spit poison.
You have a snake-like lower body.


Message History

Duvessa goes berserk!
Fire: l) +3 sling (freeze)
Press: ? - help, Q - select action, (/) - cycle Shift-Dir - straight line, f - Duvessa
Aim: Duvessa, wielding a +0 short sword and wearing a +0 chain mail (berserk, haloed, 90% to hit)
You shoot a sling bullet.
The sling bullet hits Duvessa but does no damage.
Duvessa hits you with a +0 short sword!
Fire: l) +3 sling (freeze)
Press: ? - help, Q - select action, (/) - cycle Shift-Dir - straight line, f/p - Duvessa
Aim: Duvessa, wielding a +0 short sword and wearing a +0 chain mail (berserk, haloed, 90% to hit)
You shoot a sling bullet.
The sling bullet hits Duvessa but does no damage.
Duvessa hits you with a +0 short sword. x2
You shoot a sling bullet. The sling bullet hits Duvessa.
The sling bullet freezes Duvessa.
Duvessa is lightly wounded.
Duvessa hits you with a +0 short sword. x2
You shoot a sling bullet.
The sling bullet hits Duvessa but does no damage.
Duvessa is lightly wounded.
Duvessa hits you but does no damage. x2
Duvessa hits you with a +0 short sword.
You shoot a sling bullet.
The sling bullet hits Duvessa but does no damage.
Duvessa is lightly wounded.
Duvessa barely misses you. Duvessa hits you with a +0 short sword.
You shoot a sling bullet.
The sling bullet hits Duvessa but does no damage.
Duvessa is lightly wounded.
Duvessa hits you but does no damage. Duvessa hits you with a +0 short sword!
Duvessa hits you with a +0 short sword.
You shoot a sling bullet.
The sling bullet hits Duvessa but does no damage.
Duvessa is lightly wounded.
Duvessa barely misses you. You block Duvessa's attack.
You shoot a sling bullet. The sling bullet barely misses Duvessa.
Duvessa hits you with a +0 short sword.
* * * LOW HITPOINT WARNING * * *
Duvessa hits you with a +0 short sword!
You die...

#...#
####.)###
##...###...###
##..####...##
##..## ##..#
##..## ##.##
#..## ##)##
).## ##.## )##
##.####..# .#
##@e...# .##
##...## ..##
...# ...##
...# ....##
....# .....#
###..# )....##
##.. ......###
#$ ..##....##


You could see Duvessa (berserk).

Vanquished Creatures
  Blork the orc (D:4)
  Dowan (D:4)
  2 orc priests
  A hound (D:4)
  4 adders
  A worm (D:2)
  12 orcs
  An endoplasm (D:1)
  3 giant cockroaches (D:1)
  8 hobgoblins
  2 jackals (D:1)
  7 kobolds
  5 quokkas
  8 ball pythons
  4 bats
  9 goblins
  9 rats
78 creatures vanquished.

Notes
Turn   | Place    | Note
-------+----------+-------------------------------------------
     0 | D:1      | Sabo the Naga Monk began the quest for the Orb.
     0 | D:1      | Reached XP level 1. HP: 21/21 MP: 1/1
   221 | D:1      | Reached XP level 2. HP: 22/28 MP: 2/2
   823 | D:1      | Reached XP level 3. HP: 34/34 MP: 3/3
  1649 | D:2      | Reached XP level 4. HP: 35/42 MP: 4/4
  2080 | D:2      | Reached skill level 1 in Ranged Weapons
  2111 | D:2      | Reached skill level 1 in Armour
  2308 | D:2      | Reached XP level 5. HP: 47/49 MP: 5/5
  2928 | D:3      | Found a snail-covered altar of Cheibriados.
  3452 | D:4      | Found a glowing silver altar of Zin.
  3684 | D:4      | Found a stormy altar of Qazlal.
  3689 | D:4      | Noticed Blork the orc
  3695 | D:4      | Killed Blork the orc
  3696 | D:4      | Reached XP level 6. HP: 56/56 MP: 6/6
  3804 | D:4      | Became a worshipper of Qazlal Stormbringer
  3804 | D:4      | Reached * piety under Qazlal
  3804 | D:4      | Reached ** piety under Qazlal
  3828 | D:4      | Noticed Dowan
  3835 | D:4      | Killed Dowan
  3847 | D:4      | Noticed Duvessa
  3855 | D:4      | Slain by Duvessa

Illustrated notes

Levels and vault maps discovered:
D:1:      kilobyte_arrival_exit_the_forest, layout_rooms, st_stairs_7
D:2:      layout_loops_ring
D:3:      layout_basic, mainiacjoe_overflow_brackets
D:4:      layout_layer_cave, mainiacjoe_overflow_tiny_flanked,
          mainiacjoe_overflow_catwalk, uniq_pikel, uniq_blork_the_orc,
          uniq_duvessa

Skill      XL: |  1  2  3  4  5 |
---------------+----------------+-----
Ranged Weapons | 1 3 |  3.6
Armour         | 1 |  1.8
Dodging        | 3 |  3.0
Fighting       | |  3.7
Axes           | |  3.8
Stealth        | |  0.6

Action                     |  1- 3 |  4- 6 || total
---------------------------+-------+-------++-------
  Melee: Hand axe          |    49 |       ||    49
   Fire: Sling             |    32 |   112 ||   144
Ability: Spit Poison       |     1 |     3 ||     4
    Use: Scroll            |     7 |     4 ||    11
 Armour: Robe              |     2 |       ||     2
         Ring mail         |    26 |    14 ||    40
         Chain mail        |       |    52 ||    52
  Dodge: Dodged            |    53 |    40 ||    93
  Block: Orb               |       |     1 ||     1
